 Dungeon Crawl Stone Soup version 0.29-a0-334-gb41bcbb86e (webtiles) character file.

Game seed: 3803148806946441100

6040 spaghetti the Covert (level 10, -3/86 (94) HPs)
             Began as a Deep Dwarf Delver on Apr 13, 2022.
             Was a High Priest of Ru.
             Slain by a fire elemental (14 damage)
             ... summoned by a deep elf pyromancer
             ... on level 9 of the Dungeon.
             The game lasted 00:19:45 (6932 turns).

spaghetti the Covert (Deep Dwarf Delver)            Turns: 6932, Time: 00:19:46

HP:   -3/86 (94)    AC: 14    Str: 23    XL:     10   Next: 56%
MP:   12/12         EV: 16    Int: 12    God:    Ru [*****.]
Gold: 452           SH:  0    Dex: 18    Spells: 7/13 levels left

rFire   x . .      SeeInvis .   F - +5 hand axe of Plague {vorpal, Str+8, axe}
rCold   . . .      Faith    .   (shield unavailable)
rNeg    . . .      Spirit   .   D - +4 ring mail {rC+}
rPois   .          Reflect  .   n - +0 helmet
rElec   .          Harm     .   G - +1 cloak {Will+}
rCorr   .          Rampage  .   (no gloves)
Will    ++...                   (no boots)
Stlth   ++........              (no amulet)
HPRegen 0.00/turn               (ring unavailable)
MPRegen 0.13/turn               u - +4 ring of slaying

@: exhausted, on fire, about to teleport, glowing, drained
A: damage resistance, heal wounds, sense surroundings 2, missing a hand, no air
magic, no conjurations magic, no hexes magic, temperature sensitive, no
regeneration, talons 2, iridescent scales 1
a: Heal Wounds, Renounce Religion, Draw Out Power, Power Leap, Apocalypse


You were on level 9 of the Dungeon.
You worshipped Ru.
Ru was extremely pleased with you.
You visited 2 branches of the dungeon, and saw 10 of its levels.

You collected 590 gold pieces.
You spent 138 gold pieces at shops.


Innate Abilities, Weirdness & Mutations

You are resistant to damage.
You can heal yourself by infusing magical energy.
You passively map the area around you.
You are missing a hand.
You cannot study or cast Air magic.
You cannot study or cast Conjurations magic.
You cannot study or cast Hexes magic.
You are sensitive to extremes of temperature. (rF-, rC-)
You do not regenerate.
You have razor-sharp toenails.
You are partially covered in iridescent scales. (AC +2)


   Skills:
 + Level 7.2 Fighting
 - Level 2.0 Long Blades
 + Level 8.6 Dodging
 + Level 13.2 Stealth
 - Level 2.0 Spellcasting
 - Level 5.0 Necromancy
 - Level 5.0 Transmutations


You had 7 spell levels left.
You knew the following spells:

 Your Spells              Type           Power      Damage    Failure   Level
a - Animate Skeleton      Necr           26%        N/A       5%          1
b - Vampiric Draining     Necr           13%        2d6       17%         3
c - Wereblood             Tmut           13%        N/A       9%          2

Your spell library contained the following spells:

 Spells                   Type           Power      Damage    Failure   Level
 Beastly Appendage        Tmut           26%        N/A       5%          1
 Pain                     Necr           52%        1d6       5%          1
 Sublimation of Blood     Necr           13%        N/A       9%          2
 Sting                    Tmut/Pois      28%        1d4       16%         1
 Passwall                 Tmut/Erth      5%         N/A       24%         2
 Sandblast                Erth           2%         2d4       41%         1
 Spider Form              Tmut/Pois      7%         N/A       43%         3
 Dispel Undead            Necr           13%        3d9       50%         4
 Frozen Ramparts          Ice            2%         1d2       78%         3
 Ozocubu's Armour         Ice            1%         N/A       78%         3
 Ice Form                 Ice/Tmut       7%         N/A       83%         4
 Olgreb's Toxic Radiance  Pois           1%         N/A       99%         4
 Summon Ice Beast         Ice/Summ       1%         N/A       99%         4
 Death Channel            Necr           6%         N/A       100%        6
 Ozocubu's Refrigeration  Ice            0%         4d5       100%        7
 Summon Hydra             Summ           0%         N/A       100%        7
 Borgnjor's Revivificati  Necr           6%         N/A       100%        8
 Necromutation            Tmut/Necr      6%         N/A       100%        8
 Death's Door             Necr           6%         N/A       100%        9
 Corpse Rot               Necr/Air       Unusable   N/A       N/A         2
 Slow                     Hex            Unusable   N/A       N/A         1
 Ensorcelled Hibernation  Hex/Ice        Unusable   N/A       N/A         2
 Poisonous Vapours        Pois/Air       Unusable   N/A       N/A         2
 Confusing Touch          Hex            Unusable   N/A       N/A         3
 Stone Arrow              Conj/Erth      Unusable   3d7       N/A         3
 Swiftness                Air            Unusable   N/A       N/A         3

Inventory:

Hand Weapons
 a - a +0 falchion {long}
 v - a +0 dagger of venom {short}
   (You took it off a goblin on level 3 of the Dungeon)
 F - the +5 hand axe of Plague (weapon) {vorpal, Str+8, axe}
   (You took it off a gnoll on level 7 of the Dungeon)

   It inflicts extra damage upon your enemies.
   Str:       It affects your strength (+8).
 K - the +7 long sword "Foeme" {drain, *Noise rElec rC- rN++ Int+4, long}
   (You found it on level 9 of the Dungeon)

   A truly terrible weapon, it drains the life of any living foe it strikes.
   Int:       It affects your intelligence (+4).
   rC:        It makes you vulnerable to cold.
   rElec:     It insulates you from electricity.
   rN:        It greatly protects you from negative energy.
   *Noise:    It may make noises in combat.
 L - a +1 rapier of venom {short}
   (You found it on level 9 of the Dungeon)
Missiles
 e - 17 poisoned darts {throwing}
 l - 3 javelins {throwing}
 m - 188 stones (quivered) {throwing}
 q - 2 atropa-tipped darts {throwing}
 B - 3 boomerangs {throwing}
Armour
 b - a +0 leather armour
 n - a +0 helmet (worn)
   (You found it on level 1 of the Dungeon)
 p - a +0 plate armour
   (You found it on level 8 of the Dungeon)
 D - a +4 ring mail of cold resistance (worn)
   (You took it off Edmund on level 4 of the Dungeon)
 G - a +1 cloak of willpower (worn)
   (You took it off Maurice on level 8 of the Dungeon)
 J - +0 acid dragon scales
   (You found it on level 9 of the Dungeon)
Jewellery
 u - a +4 ring of slaying (right hand)
   (You found it on level 3 of the Dungeon)
 y - a ring of magical power
   (You found it on level 4 of the Dungeon)
 H - an amulet of guardian spirit
   (You found it on level 8 of the Dungeon)
Wands
 g - a wand of digging (8)
 A - a wand of acid (9)
   (You took it off Maurice on level 8 of the Dungeon)
Scrolls
 d - 2 scrolls of magic mapping {!r}
 i - 2 scrolls of silence {!r}
 j - 4 scrolls of noise {!r}
 r - a scroll of vulnerability {!r!r}
 x - 3 scrolls of enchant armour
 C - 3 scrolls of enchant weapon
 I - a scroll of torment {!r}
Potions
 f - a potion of haste {@q3}
 h - 6 potions of mutation {!q}
 k - 2 potions of cancellation {unknown}
 o - a potion of resistance
 s - 2 potions of might
 t - 2 potions of lignification {unknown}
 z - a potion of attraction {unknown}
 E - 2 potions of flight {unknown}

Dungeon Overview and Level Annotations

Branches:
Dungeon (9/15)             Temple (1/1) D:4
   Lair: D:8-11         Orc: D:9-12

Altars:
Cheibriados
Dithmenos
Elyvilon
Gozag
Okawaru
Qazlal
Ru
Sif Muna
Uskayaw
Vehumet
Wu Jian
Xom
Zin
The Shining One

Shops:
D:8 ?

Annotations:
D:3 3 runed translucent doors, oblizorion1's ghost, amateur HOFi
D:5 exclusions: black bear, killer bee and necrophage
D:8 2 runed translucent doors, bande's ghost, novice GrFi

.#.#.#####.#
#.#..#......
...#.,,..#... ,
..#......... #### *
#.# #####
*,*####....#....
##.# #.# ###..
,...##....#.#..
'..##B##.##C #.##
... #..... #.. ##.#
#.Q...* #..# ..#
#....# .
+..###.#...###..##§#
,,,, ,
##....##.##....E4o#
, , ,
+..###...#.###§§@##
, * , , ##.#
#.....#.#§eE# *+
'..##.##.##(###.E#,,
* , ##†##*,#.#.##
##☼.., , ,
########.#########.#
* , ................
... , *
##.........#####
,,.. * * , ,
............... , ,
, ....)...........,
,, , ,,,


You could see an ice devil (summoned, slow), a deep elf pyromancer, 3 fire
elementals and an orc sorcerer.


Message History

The orc sorcerer hits you with a +0 dagger. 😮 HP[-1]
You take 1 damage, and now have 65/94 hp.
Unknown command.
You are restored by drawing out deep reserves of power within.
You feel drained. The ice devil barely misses you. The fire elemental hits you.
The fire elemental burns you! The fire burns you terribly!
The orc sorcerer points at you and mumbles some strange words.
The bolt of negative energy hits you!!
You feel drained. 😮 HP[-4]
You now have 86 max hp (-8).
Unknown command.
Unknown command.
You hit the orc sorcerer. Your kick misses the orc sorcerer.
You barely miss the fire elemental. You hit the ice devil but do no damage.
The fire elemental hits you. The fire elemental burns you!
The fire burns you terribly!
The ice devil hits you but does no damage.
The orc sorcerer misses you. The fire elemental misses you.
The ice devil hits you. The ice devil freezes you!!
* * * LOW HITPOINT WARNING * * *
😨 HP[-25]
You take 25 damage, and now have 36/86 hp.
MASSIVE DAMAGE!! (PAUSE) Unknown command.
Unknown command.
You closely miss the orc sorcerer. You closely miss the fire elemental.
You hit the ice devil. The fire elemental hits you.
The fire elemental burns you! The fire burns you terribly!
* * * LOW HITPOINT WARNING * * *
The deep elf pyromancer gestures wildly while chanting.
The orc sorcerer closely misses you. The ice devil closely misses you.
The fire elemental hits you. The fire elemental burns you!
The fire burns you terribly!
* * * LOW HITPOINT WARNING * * *
😨 HP[-13]
You take 13 damage, and now have 23/86 hp.
Unknown command.
Okay, then.
Okay, then.
As you read the scroll of fog, it crumbles to dust.
The scroll dissolves into smoke.
The orc sorcerer is stunned by your conviction and fails to attack.
The ice devil hits you but does no damage.
You redirect the fire elemental's attack!
The fire elemental barely misses itself.
The fire elemental hits you. The fire elemental burns you!
The fire burns you terribly!
* * * LOW HITPOINT WARNING * * *
😱 HP[-10]
You take 10 damage, and now have 13/86 hp.
Unknown command.
Unknown command.
Okay, then.
Okay, then.
Your magical essence is drained by the effort!
You feel much better. The fire elemental barely misses you.
The orc sorcerer hits you with a +0 dagger.
* * * LOW HITPOINT WARNING * * *
The fire elemental hits you. The fire elemental burns you!
The fire burns you terribly!
* * * LOW HITPOINT WARNING * * *
The ice devil hits you.
* * * LOW HITPOINT WARNING * * *
The ice devil freezes you!
* * * LOW HITPOINT WARNING * * *
You focus your inner power and slow the ice devil in retribution! 😱 HP[+2] MP[-1]
You regained 2 hp, and now have 15/86 hp.
Unknown command.
Unknown command.
You're too exhausted to unleash your apocalyptic power.
Unknown command.
You feel much better. The fire elemental hits you.
The fire elemental burns you! The fire burns you terribly!
* * * LOW HITPOINT WARNING * * *
The fire elemental barely misses you.
The deep elf pyromancer casts a spell at you.
The sticky flame hits you! The fire burns you terribly!
You are covered in liquid flames!
* * * LOW HITPOINT WARNING * * *
The orc sorcerer is stunned by your conviction and fails to attack.
The ice devil closely misses you. 😱 HP[+6]
You regained 6 hp, and now have 21/86 hp.
Unknown command.
Unknown command.
As you read the scroll of teleportation {@r4}, it crumbles to dust.
You feel strangely unstable.
You are covered in liquid flames!
* * * LOW HITPOINT WARNING * * *
The fire elemental barely misses you. x2
The deep elf pyromancer hits you with a +0 rapier.
* * * LOW HITPOINT WARNING * * *
The orc sorcerer begins to cast a spell, but is stunned by your conviction!
The fire elemental hits you. The fire elemental burns you!
The fire burns you terribly!
You die...

Skill      XL: |  1  2  3  4  5  6  7  8  9 10 |
---------------+-------------------------------+-----
Stealth        | 7 8 9 10 12 13 | 13.2
Dodging        | 3 4 5 7 8 |  8.6
Necromancy     | 1 2 3 5 |  5.0
Fighting       | 3 4 6 7 |  7.2
Transmutations | 1 2 3 5 |  5.0
Spellcasting   | 1 2 |  2.0
Long Blades    | |  2.0

Action                   |  1- 3 |  4- 6 |  7- 9 | 10-12 || total
-------------------------+-------+-------+-------+-------++-------
Melee: Falchion          |    20 |   109 |       |       ||   129
       Punch             |     1 |       |       |       ||     1
       Kick              |     1 |    36 |    61 |    22 ||   120
       Dagger            |       |    48 |   128 |       ||   176
       Hand axe          |       |       |    77 |    47 ||   124
Throw: Stone             |       |    11 |     3 |       ||    14
       Dart              |       |     2 |     3 |       ||     5
 Cast: Wereblood         |       |       |     3 |     3 ||     6
Invok: Draw Out Power    |       |     8 |    15 |     5 ||    28
       Sacrifice a Hand  |       |     1 |       |       ||     1
       Sacrifice Arcana  |       |     1 |       |       ||     1
       Sacrifice Resista |       |       |     1 |       ||     1
 Abil: Heal Wounds       |       |     1 |       |     2 ||     3
  Use: Scroll            |     1 |     1 |     6 |     3 ||    11
       Potion            |     1 |     2 |     1 |     1 ||     5
 Stab: Sleeping          |     2 |    18 |    16 |     3 ||    39
       Distracted        |       |     2 |     2 |     1 ||     5
       Paralysed         |       |       |       |     1 ||     1
Armor: Leather armour    |     4 |    64 |     3 |       ||    71
       Ring mail         |       |       |    73 |    28 ||   101
Dodge: Dodged            |    16 |   126 |   141 |    57 ||   340

Levels and vault maps discovered:
D:1:      dreamdust_arrival_sigmund_warning, layout_rooms,
          shapermc_ecumenical_altar_ellora
D:2:      layout_basic, basic_altar
D:3:      layout_basic, ebering_ghost_gozag
D:4:      minmay_skewed_foursquare, layout_basic, minmay_temple_entry_glass,
          minmay_a_box_with_orc_wizards_in_it, uniq_edmund
D:5:      layout_layer_cave, serial_co_window_serial, co_window_corner_a,
          co_window_paths_b, co_window_of_opportunity_a,
          co_window_of_opportunity_a, co_window_paths_a, co_window_2corner,
          co_window_of_opportunity_c, co_window_corner_b,
          co_window_of_opportunity_b, co_window_paths_c, co_window_paths_e,
          co_window_sun, glass_columns_c, glass_columns_b
D:6:      layout_loops_ring, uniq_menkaure
D:7:      layout_loops_cross, lemuel_round_altar, minivault_25,
          minmay_misc_feat_encased
D:8:      layout_cave_pools, serial_shops, shop_statue,
          ebering_ghost_disaster_area, uniq_grum, uniq_maurice
D:9:      minmay_the_grid_3x2 [minmay_the_grid_minigrid_small,
          minmay_the_grid_paths, minmay_the_grid_armoury, minmay_the_grid_tree,
          minmay_the_grid_tri_star, minmay_the_grid_prize_trominoes],
          layout_basic, serial_shops, nicolae_shop_waterfront,
          due_unseen_surprise
Temple:   compressed_dpeg_circular_temple

Notes
Turn   | Place    | Note
-------+----------+-------------------------------------------
     0 | D:5      | spaghetti the Deep Dwarf Delver began the quest for the
                  | Orb.
     0 | D:5      | Reached XP level 1. HP: 20/20 MP: 1/1
     0 | D:5      | magus.rc [v1.9.6]
    10 | D:5      | Noticed a jelly
    82 | D:4      | Found a staircase to the Ecumenical Temple.
    84 | D:4      | Noticed an iguana
    91 | Temple   | Entered the Ecumenical Temple
   130 | Temple   | Became a worshipper of Ru the Awakened
   153 | D:4      | You add the spells Borgnjor's Revivification, Necromutation
                  | and Death's Door to your library.
   167 | D:4      | Noticed Edmund
   228 | D:5      | Noticed a killer bee
   228 | D:5      | Noticed a killer bee
   273 | D:5      | Noticed a necrophage
   302 | D:5      | Noticed a necrophage
   317 | D:5      | Killed a necrophage
   318 | D:5      | Reached skill level 7 in Stealth
   318 | D:5      | Reached XP level 2. HP: 17/27 MP: 2/2
   318 | D:5      | Reached XP level 3. HP: 21/33 MP: 3/3
   318 | D:5      | Gained mutation: You are partially covered in iridescent
                  | scales. (AC +2) [potion of mutation]
   318 | D:5      | Gained mutation: You have sharp toenails. [potion of
                  | mutation]
   318 | D:5      | Gained mutation: You have razor-sharp toenails. [potion of
                  | mutation]
   357 | D:5      | Reached skill level 8 in Stealth
   357 | D:5      | Reached XP level 4. HP: 21/40 MP: 4/4
   402 | D:5      | You pick up a book of Geomancy and begin reading...
   402 | D:5      | You add the spells Sandblast, Passwall and Stone Arrow to
                  | your library.
   619 | D:5      | Noticed a black bear
   698 | D:4      | Reached XP level 5. HP: 40/46 MP: 5/5
   730 | D:4      | Reached skill level 9 in Stealth
  1044 | D:1      | You add the spells Ozocubu's Armour and Ozocubu's
                  | Refrigeration to your library.
  1092 | D:1      | You pick up a book of Necromancy and begin reading...
  1092 | D:1      | You add the spells Pain, Animate Skeleton and Vampiric
                  | Draining to your library.
  1137 | D:1      | Gained mutation: You are missing a hand. [Ru sacrifice]
  1137 | D:1      | Reached * piety under Ru
  1137 | D:1      | Reached ** piety under Ru
  1137 | D:1      | Reached *** piety under Ru
  1230 | D:1      | Learned a level 1 spell: Animate Skeleton
  1234 | D:1      | Learned a level 3 spell: Vampiric Draining
  1258 | D:1      | Found a faded altar of an unknown god.
  1307 | D:1      | You fall into a shaft and drop 1 floor!
  1313 | D:2      | Found a shimmering altar of Xom.
  1335 | D:2      | You pick up a book of Blood and begin reading...
  1335 | D:2      | You add the spells Sublimation of Blood, Wereblood and
                  | Summon Hydra to your library.
  1360 | D:2      | You pick up a book of Burglary and begin reading...
  1360 | D:2      | You add the spells Ensorcelled Hibernation and Swiftness to
                  | your library.
  1849 | D:2      | Noticed a black bear
  1868 | D:2      | Killed a black bear
  1869 | D:2      | Reached skill level 3 in Dodging
  1869 | D:2      | Reached skill level 1 in Necromancy
  1869 | D:2      | Reached XP level 6. HP: 23/55 MP: 6/6
  2336 | D:3      | Found a runed translucent gate.
  2337 | D:3      | Found a runed translucent gate.
  2337 | D:3      | Found a runed translucent gate.
  2338 | D:3      | Found an opulent altar of Gozag.
  2341 | D:3      | Noticed a sky beast
  2359 | D:3      | Reached skill level 2 in Necromancy
  3032 | D:3      | Noticed oblizorion1's ghost (amateur HOFi)
  3528 | D:4      | You pick up a book of Changes and begin reading...
  3528 | D:4      | You add the spells Beastly Appendage and Spider Form to
                  | your library.
  3612 | D:4      | Gained mutation: You cannot study or cast Air magic. [Ru
                  | sacrifice]
  3612 | D:4      | Gained mutation: You cannot study or cast Hexes magic. [Ru
                  | sacrifice]
  3612 | D:4      | Gained mutation: You cannot study or cast Conjurations
                  | magic. [Ru sacrifice]
  3673 | D:4      | You pick up a book of Rime and begin reading...
  3673 | D:4      | You add the spells Frozen Ramparts, Ice Form and Summon Ice
                  | Beast to your library.
  3720 | D:4      | Noticed a hornet
  3727 | D:4      | Paralysed by a hornet for 3 turns
  3736 | D:4      | Killed a hornet
  3737 | D:4      | Reached skill level 3 in Fighting
  3737 | D:4      | Reached skill level 1 in Transmutations
  3737 | D:4      | Reached XP level 7. HP: 49/62 MP: 7/7
  3828 | D:4      | Reached skill level 3 in Necromancy
  3831 | D:4      | Learned a level 2 spell: Wereblood
  3862 | D:4      | Killed Edmund
  3863 | D:4      | Reached skill level 4 in Dodging
  3863 | D:4      | Reached skill level 10 in Stealth
  4174 | D:5      | Reached skill level 1 in Spellcasting
  4413 | D:5      | Reached skill level 2 in Transmutations
  4722 | D:6      | Noticed Menkaure
  4733 | D:6      | Reached XP level 8. HP: 54/72 MP: 9/9
  4744 | D:6      | Killed Menkaure
  4911 | D:6      | You pick up a book of Debilitation and begin reading...
  4958 | D:6      | Reached skill level 4 in Fighting
  4958 | D:6      | Reached skill level 4 in Necromancy
  5011 | D:6      | You pick up a book of Decay and begin reading...
  5011 | D:6      | You add the spells Dispel Undead and Death Channel to your
                  | library.
  5062 | D:6      | Reached skill level 5 in Dodging
  5062 | D:6      | Reached skill level 2 in Spellcasting
  5323 | D:7      | Reached skill level 3 in Transmutations
  5325 | D:7      | You add the spells Sting and Olgreb's Toxic Radiance to
                  | your library.
  5498 | D:7      | Reached skill level 5 in Necromancy
  5498 | D:7      | Gained mutation: You passively map the area around you.
                  | [Deep Dwarf growth]
  5498 | D:7      | Reached XP level 9. HP: 74/75 MP: 12/12
  5502 | D:7      | Reached skill level 11 in Stealth
  5510 | D:7      | Identified the +5 hand axe of Plague {vorpal, Str+8}
  5997 | D:7      | Found a stormy altar of Qazlal.
  6083 | D:8      | Noticed Grum
  6089 | D:8      | Reached skill level 5 in Fighting
  6089 | D:8      | Reached skill level 6 in Dodging
  6089 | D:8      | Reached skill level 4 in Transmutations
  6097 | D:8      | Killed Grum
  6202 | D:8      | Found Ytosest's Magic Scroll Shoppe.
  6212 | D:8      | Bought a scroll of enchant weapon for 90 gold pieces
  6212 | D:8      | Bought a scroll of identify for 24 gold pieces
  6212 | D:8      | Bought a scroll of identify for 24 gold pieces
  6233 | D:8      | Paralysed by a hornet for 1 turns
  6235 | D:8      | Paralysed by a hornet for 1 turns
  6241 | D:8      | Paralysed by a hornet for 3 turns
  6266 | D:8      | Gained mutation: You are sensitive to extremes of
                  | temperature. (rF-, rC-) [Ru sacrifice]
  6266 | D:8      | Reached **** piety under Ru
  6266 | D:8      | Reached ***** piety under Ru
  6279 | D:8      | Noticed Maurice
  6292 | D:8      | Killed Maurice
  6293 | D:8      | Reached skill level 7 in Dodging
  6293 | D:8      | Reached skill level 5 in Transmutations
  6326 | D:8      | Reached skill level 6 in Fighting
  6326 | D:8      | Reached skill level 12 in Stealth
  6468 | D:8      | Found a large runed translucent door.
  6470 | D:8      | Found a large runed translucent door.
  6472 | D:8      | Noticed bande's ghost (novice GrFi)
  6684 | D:9      | Noticed a red ugly thing
  6687 | D:9      | Noticed a cyclops
  6701 | D:9      | Killed a red ugly thing
  6702 | D:9      | Reached XP level 10. HP: 53/91 MP: 13/13
  6708 | D:9      | Killed a cyclops
  6801 | D:9      | Paralysed by a hornet for 1 turns
  6805 | D:9      | Paralysed by a hornet for 1 turns
  6806 | D:9      | Reached skill level 8 in Dodging
  6850 | D:9      | Reached skill level 7 in Fighting
  6850 | D:9      | Reached skill level 13 in Stealth
  6897 | D:9      | Noticed a tengu warrior
  6900 | D:9      | Noticed a cyclops
  6901 | D:9      | Noticed a cyclops
  6907 | D:9      | Killed a cyclops
  6909 | D:9      | Identified the +7 long sword "Foeme" {drain, *Noise rElec
                  | rC- rN++ Int+4}
  6916 | D:9      | Noticed a deep elf pyromancer
  6917 | D:9      | Noticed a boulder beetle
  6918 | D:9      | Noticed an orc sorcerer
  6929 | D:9      | HP: 13/86 [fire elemental[a deep elf pyromancer] (10)]
  6932 | D:9      | Slain by a fire elemental

Vanquished Creatures
  2 cyclopes (D:9)
  An ugly thing (D:9)
  Maurice (D:8)
  A troll (D:9)
  A slime creature (D:9)
  3 hornets
  2 wyverns (D:9)
  Grum (D:8)
  Menkaure (D:6)
  Edmund (D:4)
  An acid dragon (D:9)
  2 water moccasins
  2 black bears
  A sky beast (D:7)
  An orc warrior (D:9)
  An ogre (D:6)
  4 wolves (D:8)
  2 scorpions
  3 bullfrogs
  A gnoll sergeant (D:7)
  4 necrophages
  7 wights
  A killer bee (D:9)
  4 howler monkeys
  4 jellies
  4 hounds
  2 iguanas
  11 orc wizards
  8 gnolls
  2 adders
  An ufetubus (D:4)
  A worm (D:2)
  A dart slug (D:5)
  16 orcs
  10 ball pythons
  5 endoplasms
  2 giant cockroaches
  5 goblins
  7 hobgoblins
  7 jackals
  4 kobolds
  A quokka (D:2)
  4 bats
  4 frilled lizards
  4 rats
151 creatures vanquished.

Vanquished Creatures (others)
  A hornet (D:4)
1 creature vanquished.

Grand Total: 152 creatures vanquished

Table legend:
 A = Non-vault XP
 B = Vault XP
 C = Vault XP percentage of total XP
 D = Non-vault monster count
 E = Vault monster count
 F = Vault count percentage of total count
                 A         B        C        D         E       F
            +---------+---------+-------+---------+---------+-------
      Total |    4609 |    4020 |  46.6 |     124 |      28 |  18.4
            +---------+---------+-------+---------+---------+-------
        D:1 |      19 |       0 |   0.0 |      11 |       0 |   0.0
        D:2 |     165 |       0 |   0.0 |      19 |       0 |   0.0
        D:3 |     129 |       0 |   0.0 |      17 |       0 |   0.0
        D:4 |     149 |     456 |  75.4 |      13 |      11 |  45.8
        D:5 |     415 |       0 |   0.0 |      11 |       0 |   0.0
        D:6 |     595 |     172 |  22.4 |       9 |       1 |  10.0
        D:7 |    1094 |       0 |   0.0 |      17 |       0 |   0.0
        D:8 |     890 |    1114 |  55.6 |      20 |       6 |  23.1
        D:9 |    1153 |    2278 |  66.4 |       7 |      10 |  58.8
            +---------+---------+-------+---------+---------+-------

Illustrated notes

Table legend:
 A = Kills in this place as a percentage of kills in entire the game.
 B = Kills by you in this place as a percentage of kills by you in the entire game.
 C = Kills by friends in this place as a percentage of kills by friends in the entire game.
 D = Other kills in this place as a percentage of other kills in the entire game.
 E = Experience gained in this place as a percentage of experience gained in the entire game.
 F = Experience gained in this place divided by the number of levels of this place that you have seen.
                   A       B       C       D       E      F
               +-------+-------+-------+-------+-------+----------------------
         Total | 100.0 | 100.0 |   N/A | 100.0 | 100.0 | 862.9
       Dungeon | 100.0 | 100.0 |   N/A | 100.0 | 100.0 | 958.8
               +-------+-------+-------+-------+-------+----------------------

Table legend: (Time is in decaauts)
 A = Elapsed time spent in this place.
 B = Non-inter-level travel time spent in this place.
 C = Inter-level travel time spent in this place.
 D = Time resting spent in this place.
 E = Time spent auto-exploring this place.
 F = Levels seen in this place.
 G = Mean time per level.
                   A        B        C        D        E       F      G
               +--------+--------+--------+--------+--------+-----+--------+
         Total |   7000 |   6850 |    150 |    500 |   4897 |  10 |  700.0 |
       Dungeon |   6948 |   6798 |    150 |    500 |   4878 |   9 |  772.0 |
        Temple |     51 |     51 |      0 |      0 |     19 |   1 |   51.0 |
               +--------+--------+--------+--------+--------+-----+--------+

Top non-repeatable levels by time:
     D:3: 1510 daAuts
     D:5: 1310 daAuts
     D:2: 795 daAuts
     D:4: 765 daAuts
     D:7: 762 daAuts
     D:8: 626 daAuts
     D:6: 600 daAuts
     D:1: 293 daAuts
     D:9: 284 daAuts
  Temple: 51 daAuts
